 Dungeon Crawl Stone Soup version 0.22-a0-305-gd21a89c (webtiles) character file.

425 Amnesiac the Cutter (level 6, -2/32 HPs)
             Began as a Spriggan Fighter on Mar 29, 2018.
             Slain by a phantom (9 damage)
             ... on level 4 of the Dungeon.
             The game lasted 00:06:22 (3442 turns).

Amnesiac the Cutter (Spriggan Fighter)              Turns: 3442, Time: 00:06:22

Health: -2/32      AC:  2    Str: 14    XL:     6   Next: 64%
Magic:  7/7        EV: 19    Int: 11    God:
Gold:   170        SH:  7    Dex: 16    Spells: 1/5 levels left

rFire    + . .     SeeInvis +   a - +2 dagger (venom)
rCold    . . .     Gourm    .   c - +0 buckler
rNeg     . . .     Faith    .   k - +0 robe {rF+}
rPois    .         Spirit   .   (helmet restricted)
rElec    .         Reflect  .   (no cloak)
rCorr    +         Harm     .   (gloves unavailable)
MR       +....                  (boots unavailable)
Stlth    +++.......             (no amulet)
HPRegen  0.10/turn              j - +2 ring of intelligence
MPRegen  0.10/turn              l - ring of resist corrosion

@: very quick
A: very small, unfitting armour, see invisible, herbivore, speed 3, slow
metabolism 2
a: no special abilities


You were on level 4 of the Dungeon.
You were not hungry.

You visited 1 branch of the dungeon, and saw 5 of its levels.

You collected 170 gold pieces.

Inventory:

Hand Weapons
 a - a +2 dagger of venom (weapon)
Missiles
 i - 11 stones (quivered)
 m - 40 sling bullets
 r - 7 needles of confusion
Armour
 c - a +0 buckler (worn)
 k - a +0 robe of fire resistance (worn)
Jewellery
 j - a +2 ring of intelligence (left hand)
 l - a ring of resist corrosion (right hand)
Wands
 b - a wand of polymorph (15)
 o - a wand of paralysis (10)
Scrolls
 e - 3 scrolls of remove curse {!r}
 g - 2 scrolls of identify {!r}
 n - a scroll of fog {!r, unknown}
 p - 2 scrolls of amnesia {!r, unknown}
 q - a scroll of fear {!r, unknown}
Potions
 d - 4 potions of might {!q}
 h - 2 potions of curing {!q}
Comestibles
 f - 2 rations


   Skills:
 - Level 2.4 Fighting
 * Level 5.6 Short Blades
 - Level 4.4 Dodging
 + Level 5.5 Stealth
 + Level 3.3 Shields


You had one spell level left.
You knew the following spells:

 Your Spells              Type           Power        Failure   Level  Hunger
e - Confuse               Hex            #.......     80%         3    ####...
z - Confusing Touch       Hex            #.....       43%         1    ##.....


Dungeon Overview and Level Annotations

Branches:
Dungeon (5/15)
 Temple: D:4-7

Altars:


Innate Abilities, Weirdness & Mutations

You are very small and have problems with some larger weapons.
You are too small for most types of armour.
You have supernaturally acute eyesight. (SInv)
You are a herbivore.
You cover ground extremely quickly.
You need to consume almost no food.


Message History

Throwing (i - inventory)
i - 23 stones (quivered)
Press: ? - help, Shift-Dir - straight line, f/p - phantom
Aim: a phantom (severely damaged)
You throw a stone. The stone misses the phantom.
The phantom blinks!
Throwing (i - inventory)
i - 22 stones (quivered)
Press: ? - help, Shift-Dir - straight line, f/p - phantom
Aim: a phantom (severely damaged)
You throw a stone. The stone hits the phantom.
The phantom is severely damaged.
Throwing (i - inventory)
i - 21 stones (quivered)
Press: ? - help, Shift-Dir - straight line, f/p - phantom
Aim: a phantom (severely damaged)
You throw a stone. The stone closely misses the phantom.
Throwing (i - inventory)
i - 20 stones (quivered)
Press: ? - help, Shift-Dir - straight line, f/p - phantom
Aim: a phantom (severely damaged)
You throw a stone. The stone barely misses the phantom.
Throwing (i - inventory)
i - 19 stones (quivered)
Press: ? - help, Shift-Dir - straight line, f/p - phantom
Aim: a phantom (severely damaged)
You throw a stone. The stone closely misses the phantom.
The phantom hits you.
* * * LOW HITPOINT WARNING * * *
Throwing (i - inventory)
i - 18 stones (quivered)
Press: ? - help, Shift-Dir - straight line, f/p - phantom
Aim: a phantom (severely damaged)
You throw a stone. The stone hits the phantom.
The phantom is severely damaged.
The phantom blinks!
Throwing (i - inventory)
i - 17 stones (quivered)
Press: ? - help, Shift-Dir - straight line, f/p - phantom
Aim: a phantom (severely damaged)
You throw a stone.
The stone hits the phantom but does no damage.
The phantom is severely damaged.
Throwing (i - inventory)
i - 16 stones (quivered)
Press: ? - help, Shift-Dir - straight line, f/p - phantom
Aim: a phantom (severely damaged)
You throw a stone.
The stone hits the phantom but does no damage.
The phantom is severely damaged.
Throwing (i - inventory)
i - 15 stones (quivered)
Press: ? - help, Shift-Dir - straight line, f/p - phantom
Aim: a phantom (severely damaged)
You throw a stone. The stone closely misses the phantom.
Throwing (i - inventory)
i - 14 stones (quivered)
Press: ? - help, Shift-Dir - straight line, f/p - phantom
Aim: a phantom (severely damaged)
You throw a stone. The stone hits the phantom.
The phantom is severely damaged.
The phantom blinks!
Throwing (i - inventory)
i - 13 stones (quivered)
Press: ? - help, Shift-Dir - straight line, f/p - phantom
Aim: a phantom (severely damaged)
You throw a stone. The stone closely misses the phantom.
The phantom blinks!
Throwing (i - inventory)
i - 12 stones (quivered)
Press: ? - help, Shift-Dir - straight line, f/p - phantom
Aim: a phantom (severely damaged)
You throw a stone. The stone misses the phantom.
You hit the phantom but do no damage.
The phantom is severely damaged.
The phantom hits you!
You die...

#..........# #. ##
######(........(# # ..
....((..........#
.(.....(....###.##
....((......# #..#
()......##### ##.# ........#
##'## .((...(.# ##..(##
##.....### ##..@..##
#(...(...# ##(..W...##
#........###...♣.♣...##
#..(.(...##(..♣♣.♣♣...##
#.......##...♣♣...♣♣...##
#....((##)(.♣♣.....♣♣...## ###
#......#(..♣♣.......♣♣...###
#..
#......'..(♣.........♣...'.#
##.
#......#.(.♣♣.......♣♣...#.#.#
#.


You could see a phantom.

Vanquished Creatures
  An ogre (D:4)
  A crimson imp (D:4)
  A hound (D:4)
  An orc wizard (D:4)
  Jessica (D:3)
  2 iguanas (D:4)
  A worker ant (D:4)
  5 gnolls
  4 adders
  4 dart slugs
  3 leopard geckos
  4 orcs (D:4)
  A ball python (D:1)
  6 bats
  2 giant cockroaches
  7 goblins
  7 hobgoblins
  6 jackals
  4 frilled lizards
  4 kobolds (D:1)
  4 rats
69 creatures vanquished.

Notes
Turn   | Place    | Note
-------+----------+-------------------------------------------
     0 | D:1      | Amnesiac the Spriggan Fighter began the quest for the Orb.
     0 | D:1      | Reached XP level 1. HP: 11/11 MP: 2/2
    25 | D:1      | Reached skill level 1 in Stealth
   143 | D:1      | Reached XP level 2. HP: 8/16 MP: 3/3
   705 | D:2      | Reached XP level 3. HP: 19/19 MP: 4/4
   898 | D:2      | Reached XP level 4. HP: 23/23 MP: 5/5
  1646 | D:3      | Noticed Jessica
  1657 | D:3      | Killed Jessica
  1657 | D:3      | Reached XP level 5. HP: 18/27 MP: 6/6
  2010 | D:5      | Entered Level 5 of the Dungeon
  2212 | D:5      | Learned a level 1 spell: Confusing Touch
  2216 | D:5      | Learned a level 3 spell: Confuse
  2550 | D:4      | Noticed a phantom
  2753 | D:4      | Reached skill level 5 in Short Blades
  2775 | D:4      | Noticed an ogre
  2786 | D:4      | Reached XP level 6. HP: 32/32 MP: 7/7
  2809 | D:4      | Reached skill level 5 in Stealth
  3300 | D:4      | Got a steaming quarterstaff
  3442 | D:4      | Slain by a phantom

Vault maps used:
D:1:      scummos_arrival_hexagon
D:3:      first_ration, uniq_jessica
D:4:      kennysheep_diamond
D:5:      minmay_temple_entry_mist, serial_shops, nicolae_shop_stone,
          minmay_misc_feat_room, uniq_duvessa

Skill      XL: |  1  2  3  4  5  6 |
---------------+-------------------+-----
Stealth        | 2 3 4 5 |  5.5
Short Blades   | 3 4 5 |  5.6
Shields        | 3 |  3.3
Fighting       | |  2.4
Dodging        | |  4.4

Action                   |  1- 3 |  4- 6 || total
-------------------------+-------+-------++-------
Melee: Rapier            |    40 |       ||    40
       Dagger            |    46 |   156 ||   202
       Unarmed           |       |     4 ||     4
Throw: Stone             |       |    52 ||    52
 Cast: Confusing Touch   |       |     2 ||     2
  Use: Scroll            |       |     3 ||     3
 Stab: Sleeping          |     1 |     7 ||     8
       Distracted        |     1 |     1 ||     2
       Confused          |       |     1 ||     1
  Eat: Ration            |       |     1 ||     1
Armor: Robe              |     2 |     9 ||    11
Dodge: Dodged            |    47 |    67 ||   114
Block: Buckler           |    22 |    31 ||    53

Table legend:
 A = Spawn XP
 B = Non-spawn XP
 C = Spawn XP percentage of total XP
 D = Spawn monster count
 E = Non-spawn monster count
 F = Spawn count percentage of total count
 G = Total turns spent on level
                    A         B        C        D         E        F      G
               +---------+---------+-------+---------+---------+-------+---------
         Total |       0 |     608 |   0.0 |       0 |      69 |   0.0 |  3442
               +---------+---------+-------+---------+---------+-------+---------
           D:1 |       0 |      36 |   0.0 |       0 |      20 |   0.0 |   680
           D:2 |       0 |     115 |   0.0 |       0 |      21 |   0.0 |   781
           D:3 |       0 |      48 |   0.0 |       0 |       8 |   0.0 |   378
           D:4 |       0 |     409 |   0.0 |       0 |      20 |   0.0 |  1215
               +---------+---------+-------+---------+---------+-------+---------
